 Dungeon Crawl Stone Soup version 0.31-a0-43-g46d131a48f (webtiles) character file.

Game seed: 3463468079033355338

11284 hadoken the Destroyer (level 11, -3/66 HPs)
             Began as a Tengu Fire Elementalist on May 19, 2023.
             Was a Priest of Vehumet.
             Slain by a yak (16 damage)
             ... on level 1 of the Lair of Beasts.
             The game lasted 00:29:00 (14173 turns).

hadoken the Destroyer (Tengu Fire Elementalist)    Turns: 14173, Time: 00:29:00

Health: -3/66      AC:  4    Str:  8    XL:     11   Next: 75%
Magic:  19/21      EV: 17    Int: 19    God:    Vehumet [***...]
Gold:   699        SH:  0    Dex: 16    Spells: 9/23 levels left

rFire   . . .        y - +6 falchion (freeze)
rCold   . . .        A - orb {*channel}
rNeg    . . .        F - +0 troll leather armour
rPois   .            (helmet restricted)
rElec   .            (no cloak)
rCorr   .            (no gloves)
SInv    .            (boots unavailable)
Will    .....        c - amulet of faith
Stlth   ++           (no ring)
HPRegen 1.11/turn    (no ring)
MPRegen 0.17/turn

%: faith, channel magic (20%)
@: flying quickly and evasively, quick
A: beak, talons 3, nimble flight
a: Renounce Religion


You were on level 1 of the Lair of Beasts.
You worshipped Vehumet.
Vehumet was most pleased with you.
You visited 3 branches of the dungeon, and saw 13 of its levels.

You collected 727 gold pieces.
You spent 28 gold pieces at shops.

Inventory:

Hand Weapons
 g - a +0 dagger
 l - a +1 dagger of venom
 y - a +6 falchion of freezing (weapon)
 G - the +2 rapier of Dicachau {pain, Will++ Stlth-}
   (You found it on level 1 of the Lair of Beasts)

   Will:      It greatly increases your willpower.
   Stlth:     It makes you less stealthy.
Armour
 a - a +0 robe
 A - an orb of energy (worn)
 F - a +0 troll leather armour (worn)
Jewellery
 c - an amulet of faith (around neck)
 C - a +6 ring of intelligence
Wands
 s - a wand of acid (12)
 t - a wand of roots (9)
 w - a wand of polymorph (7)
Scrolls
 e - 3 scrolls of enchant armour
 f - 2 scrolls of fear
 h - a scroll of immolation
 j - 4 scrolls of poison
 k - 2 scrolls of blinking
 m - a scroll of silence
 n - 2 scrolls of fog
 r - 3 scrolls of noise
 B - 2 scrolls of identify
 D - a scroll of magic mapping
 E - a scroll of torment
 H - a scroll of teleportation
 I - a scroll of vulnerability {unknown}
Potions
 b - 2 potions of magic
 d - a potion of heal wounds {unknown}
 i - 2 potions of mutation
 o - 3 potions of curing
 p - a potion of ambrosia
 q - a potion of brilliance
 u - a potion of haste
 v - a potion of attraction
 x - a potion of degeneration
 z - 2 potions of flight


   Skills:
 + Level 6.7 Fighting
 + Level 6.5 Dodging
 - Level 2.0 Stealth
 + Level 6.5 Spellcasting
 + Level 13.4 Conjurations
 + Level 11.8 Fire Magic


You had 9 spell levels left.
You knew the following spells:

 Your Spells              Type           Power      Damage    Failure   Level
a - Foxfire               Conj/Fire      100%       2x1d9     1%          1
b - Scorch                Fire           100%       2d9       1%          2
c - Volatile Blastmotes   Fire/Tloc      56%        2d14      3%          3
d - Flame Wave            Conj/Fire      52%        2d13      1%          4
e - Static Discharge      Conj/Air       62%        2-5/arc   1%          2
f - Searing Ray           Conj           100%       2d8       1%          2

Your spell library contained the following spells:

 Spells                   Type           Power      Damage    Failure   Level
 Dazzling Flash           Conj/Hex       62%        N/A       3%          3
 Magic Dart               Conj           100%       1d8       1%          1
 Inner Flame              Hex/Fire       28%        N/A       3%          3
 Stone Arrow              Conj/Erth      62%        3d10      3%          3
 Fulminant Prism          Conj/Hex       15%        3d10      7%          4
 Sandblast                Erth           12%        2d6       10%         1
 Apportation              Tloc           12%        N/A       34%         1
 Summon Small Mammal      Summ           24%        N/A       34%         1
 Cigotuvi's Dreadful Rot  Necr/Pois/Air  12%        N/A       45%         2
 Passwall                 Tmut/Erth      5%         N/A       45%         2
 Call Canine Familiar     Summ           6%         N/A       65%         3
 Summon Guardian Golem    Hex/Summ       6%         N/A       65%         3
 Yara's Violent Unravell  Hex/Tmut       3%         3d4       82%         5
 Dispel Undead            Necr           6%         3d8       94%         4
 Alistair's Intoxication  Tmut/Pois      4%         N/A       100%        5
 Death Channel            Necr           3%         N/A       100%        6
 Enfeeble                 Hex            3%         N/A       100%        7


Dungeon Overview and Level Annotations

Branches:
Dungeon (11/15)            Temple (1/1) D:7            Lair (1/5) D:8
    Orc: D:9-12

Altars:
Ashenzari
Cheibriados
Dithmenos
Elyvilon
Fedhas
Gozag
Hepliaklqana
Kikubaaqudgha
Makhleb
Nemelex Xobeh
Okawaru
Qazlal
Ru
Sif Muna
Trog
Uskayaw
Vehumet
Wu Jian
Xom
Yredelemnul
Zin
The Shining One

Shops:
D:1 *


Innate Abilities, Weirdness & Mutations

You have a beak for a mouth.
You have claws for feet.
Your magical nature lets you fly swiftly and evasively.


Message History

The cane toad is almost dead.
The yak is struck by an arc of lightning.
The yak is heavily wounded.
The lightning grounds out.
Magical energy flows into your mind! The cane toad stings you!!
* * * LOW HITPOINT WARNING * * *
The cane toad closely misses you.
Casting: Static Discharge (safe; 1% risk of failure)
Confirm with . or Enter, or press ? or * to list all spells.
The cane toad is struck by an arc of lightning!
You kill the cane toad!
Vehumet accepts your kill.
You feel your power returning.
The yak is struck by an arc of lightning.
The yak is almost dead.
The lightning grounds out.
Magical energy flows into your mind!
Casting: Static Discharge (safe; 1% risk of failure)
Confirm with . or Enter, or press ? or * to list all spells.
Okay, then.
Things that are here:
a yak skeleton; a yak skeleton You see here a yak skeleton.
Casting: Static Discharge (safe; 1% risk of failure)
Confirm with . or Enter, or press ? or * to list all spells.
Aiming: Searing Ray (safe; 1% risk of failure)
Press: ? - help, Shift-Dir - straight line, f - yak
Aim: a yak (heavily wounded, 90% to hit)
The searing ray hits the yak.
The yak is heavily wounded.
The searing ray misses the yak. (Press . to maintain the ray.)
The searing ray hits the yak.
The yak is heavily wounded.
The searing ray hits the yak.
The yak is moderately wounded.
The searing ray hits the yak!
You kill the yak!
Vehumet accepts your kill.
You feel your power returning. The yak gores you!
You die...

~~.)..## #####..###
#...### #..#.######.
#...# #...........
#..## ##.......... #.Y#
#.......... #Y.#
#..#..###.. #..# ####
#..####
#..#####..#######...#
#..........††÷YY@..##
............#.#....##
...........#####....#
.........<.# ##...###
#####.##...####....P.##
# ####...............
#...............
#...............
##....##.+##..#P.


You could see 2 yaks.

Vanquished Creatures
  2 two-headed ogres (D:10)
  Joseph (D:8)
  A cane toad (Lair:1)
  3 komodo dragons
  4 kobold demonologists (D:10)
  A troll (D:9)
  2 hornets
  17 yaks
  3 vampire mosquitoes (D:10)
  3 water moccasins
  An acid dragon (D:10)
  3 orc warriors
  5 black bears
  2 ice beasts
  2 sky beasts
  A centaur (D:7)
  3 kobold brigands
  A phantom (D:6)
  3 bullfrogs
  A scorpion (D:5)
  11 wights
  9 killer bees
  3 howler monkeys
  3 electric eels
  4 hounds
  11 orc priests
  A jelly (D:6)
  A gnoll bouda (D:6)
  4 iguanas
  11 orc wizards
  11 gnolls
  2 adders
  A shadow imp (D:6)
  2 white imps (D:7)
  An ufetubus (D:6)
  A worm (D:4)
  A dart slug (D:4)
  30 orcs
  14 ball pythons
  5 endoplasms
  3 giant cockroaches
  16 goblins
  5 hobgoblins
  14 kobolds
  A quokka (D:2)
  5 bats
  5 frilled lizards
  A rat (D:3)
235 creatures vanquished.

Vanquished Creatures (others)
  305 foxfires
305 creatures vanquished.

Grand Total: 540 creatures vanquished

Notes
Turn   | Place    | Note
-------+----------+-------------------------------------------
     0 | D:1      | hadoken the Tengu Fire Elementalist began the quest for the
                  | Orb.
     0 | D:1      | Reached XP level 1. HP: 10/10 MP: 4/4
   291 | D:1      | Reached skill level 2 in Conjurations
   349 | D:1      | Reached XP level 2. HP: 15/15 MP: 4/6
   352 | D:1      | Learned a level 2 spell: Scorch
   394 | D:1      | Found a faded altar of an unknown god.
   488 | D:1      | Found Tonilieg's General Store.
   503 | D:1      | Bought a scroll of identify for 28 gold pieces
  1358 | D:2      | Reached XP level 3. HP: 19/19 MP: 4/7
  1362 | D:2      | Learned a level 3 spell: Volatile Blastmotes
  1411 | D:2      | Found a broken altar of Ashenzari.
  1480 | D:3      | Reached skill level 3 in Conjurations
  1566 | D:3      | Reached XP level 4. HP: 24/24 MP: 0/8
  1848 | D:3      | Reached skill level 4 in Conjurations
  2401 | D:3      | Found a shadowy altar of Dithmenos.
  2454 | D:3      | Gained mutation: Your magical nature lets you fly swiftly
                  | and evasively. [Tengu growth]
  2454 | D:3      | Reached XP level 5. HP: 19/28 MP: 3/9
  2486 | D:3      | Reached skill level 5 in Fire Magic
  2618 | D:3      | You are sucked into a shaft and drop 2 floors!
  2618 | D:5      | Entered Level 5 of the Dungeon
  2785 | D:5      | Noticed a black bear
  2792 | D:5      | Reached skill level 5 in Conjurations
  3283 | D:4      | Reached XP level 6. HP: 26/32 MP: 0/10
  4060 | D:5      | Reached skill level 6 in Conjurations
  4504 | D:5      | Reached XP level 7. HP: 36/36 MP: 6/11
  4582 | D:5      | Reached skill level 7 in Conjurations
  4865 | D:5      | Learned a level 4 spell: Flame Wave
  5511 | D:6      | Reached skill level 8 in Conjurations
  5598 | D:6      | Reached XP level 8. HP: 41/41 MP: 8/12
  6125 | D:6      | Reached skill level 9 in Conjurations
  7174 | D:6      | Reached skill level 10 in Conjurations
  7459 | D:7      | Reached XP level 9. HP: 14/45 MP: 10/13
  7591 | D:7      | Found a staircase to the Ecumenical Temple.
  7603 | Temple   | Entered the Ecumenical Temple
  7663 | Temple   | Became a worshipper of Vehumet
  8066 | D:7      | Found a stormy altar of Qazlal.
  8086 | D:7      | Noticed a hornet
  8095 | D:7      | Killed a hornet
  8096 | D:7      | Reached skill level 1 in Fighting
  8982 | D:7      | Reached skill level 11 in Conjurations
  9170 | D:8      | Noticed Joseph
  9220 | D:8      | Noticed a hornet
  9226 | D:8      | Killed a hornet
  9227 | D:8      | Reached skill level 10 in Fire Magic
  9531 | D:8      | Identified the +2 plate armour "Iluew" {rF+ rC+}
  9591 | D:8      | Reached * piety under Vehumet
  9591 | D:8      | Offered knowledge of Freeze by Vehumet.
  9994 | D:8      | Found a glowing golden altar of the Shining One.
 10121 | D:8      | Found a staircase to the Lair.
 10121 | D:8      | Noticed a komodo dragon
 10128 | D:8      | Reached XP level 10. HP: 34/56 MP: 12/17
 10688 | D:8      | Killed Joseph
 11142 | D:9      | Offered knowledge of Static Discharge by Vehumet.
 11156 | D:9      | Reached ** piety under Vehumet
 11160 | D:9      | Learned a level 2 spell: Static Discharge
 11315 | D:9      | Reached skill level 12 in Conjurations
 11769 | D:9      | HP: 2/58 [yak (14)]
 12085 | D:9      | Reached skill level 5 in Spellcasting
 12191 | D:9      | Reached skill level 5 in Fighting
 12527 | D:10     | Entered Level 10 of the Dungeon
 12639 | D:10     | Noticed a two-headed ogre
 12791 | D:10     | Found a broken altar of Ashenzari.
 12872 | D:10     | Reached skill level 5 in Dodging
 12872 | D:10     | Reached XP level 11. HP: 18/64 MP: 5/20
 12981 | D:10     | Noticed a two-headed ogre
 13009 | D:10     | Killed a two-headed ogre
 13059 | D:10     | Offered knowledge of Frozen Ramparts by Vehumet.
 13085 | D:10     | Killed a two-headed ogre
 13275 | D:10     | Noticed a soul eater
 13326 | D:10     | Noticed a sun demon
 13327 | D:10     | Reached *** piety under Vehumet
 13328 | D:10     | Reached skill level 13 in Conjurations
 13589 | D:10     | Learned a level 2 spell: Searing Ray
 13674 | D:11     | Noticed a manticore
 13674 | D:11     | Noticed a cyclops
 13736 | D:11     | Noticed a cyclops
 13822 | Lair:1   | Entered Level 1 of the Lair of Beasts
 13864 | Lair:1   | Identified the +2 rapier of Dicachau {pain, Will++ Stlth-}
 14036 | Lair:1   | Offered knowledge of Dazzling Flash by Vehumet.
 14173 | Lair:1   | Slain by a yak

Illustrated notes

Levels and vault maps discovered:
D:1:      dpeg_arrival_castle, layout_basic, serial_shops,
          nicolae_shop_hallway_plus, nicolae_ecumenical_snake_handling,
          interstate_on_off
D:2:      layout_basic, basic_altar, uniq_natasha
D:3:      layout_loops_corners, lemuel_round_altar, minmay_goblin_outpost
D:4:      layout_loops_ring
D:5:      layout_basic
D:6:      minmay_angry_zag, layout_basic
D:7:      layout_loops_corners, nicolae_qazlal_scattered_showers,
          temple_fountains
D:8:      layout_loops_corners, nicolae_tso_carved_into_rock,
          david_lair_shrubbed, corexii_leaking_fountain,
          kennysheep_pointless_box, uniq_joseph
D:9:      layout_loops_corners
D:10:     layout_irregular_city, nicolae_ashenzari_skybound
D:11:     minmay_complete_graph, layout_irregular_city, hiddenorc2_lemuel,
          st_stairs_4, nemelex_lonely_heart_becter
Temple:   dpeg_three_leaves_temple
Lair:1:   layout_chaotic_city, lemuel_fruit_fields, serial_bayou_shore_a

Skill      XL: |  1  2  3  4  5  6  7  8  9 10 11 |
---------------+----------------------------------+-----
Conjurations   | 2 3 4 5 6 8 10 11 12 13 | 13.4
Fire Magic     | 4 5 6 7 9 10 11 | 11.8
Fighting       | 3 5 6 |  6.7
Spellcasting   | 4 5 6 |  6.5
Dodging        | 5 6 |  6.5
Stealth        | |  2.0

Action                     |  1- 3 |  4- 6 |  7- 9 | 10-12 || total
---------------------------+-------+-------+-------+-------++-------
  Melee: Unarmed           |    21 |       |       |       ||    21
         Kick              |     7 |    16 |     9 |    11 ||    43
         Dagger            |     8 |    56 |     8 |       ||    72
         Peck              |     2 |     6 |     4 |     7 ||    19
         Punch             |       |     1 |       |       ||     1
         Falchion          |       |       |    25 |    42 ||    67
   Cast: Foxfire           |    20 |    44 |    61 |    68 ||   193
         Scorch            |     8 |    29 |    45 |    48 ||   130
         Volatile Blastmot |       |     7 |    15 |     4 ||    26
         Flame Wave        |       |       |    16 |    22 ||    38
         Searing Ray       |       |       |       |    10 ||    10
         Static Discharge  |       |       |       |     2 ||     2
    Use: Scroll            |     1 |     2 |    14 |     6 ||    23
         Potion            |       |       |     2 |     7 ||     9
   Stab: Distracted        |     1 |       |       |       ||     1
         Sleeping          |     1 |     5 |       |     2 ||     8
 Armour: Robe              |    11 |     7 |     4 |     3 ||    25
         Troll leather arm |       |       |       |     8 ||     8
  Dodge: Dodged            |    34 |    58 |    62 |    90 ||   244

Table legend: (Time is in decaauts)
 A = Elapsed time spent in this place.
 B = Non-inter-level travel time spent in this place.
 C = Inter-level travel time spent in this place.
 D = Time resting spent in this place.
 E = Time spent auto-exploring this place.
 F = Levels seen in this place.
 G = Mean time per level.
                   A        B        C        D        E       F      G
               +--------+--------+--------+--------+--------+-----+--------+
         Total |  13522 |  12881 |    641 |   3213 |   7481 |  13 | 1040.2 |
       Dungeon |  13122 |  12489 |    633 |   3181 |   7291 |  11 | 1192.9 |
        Temple |     64 |     56 |      8 |      0 |     43 |   1 |   64.0 |
          Lair |    335 |    335 |      0 |     32 |    146 |   1 |  335.0 |
               +--------+--------+--------+--------+--------+-----+--------+

Top non-repeatable levels by time:
     D:6: 2065 daAuts
     D:7: 1727 daAuts
     D:9: 1589 daAuts
     D:8: 1412 daAuts
     D:5: 1366 daAuts
     D:3: 1305 daAuts
     D:1: 1254 daAuts
    D:10: 1138 daAuts
     D:4: 1028 daAuts
  Lair:1: 335 daAuts
     D:2: 223 daAuts
  Temple: 64 daAuts
    D:11: 10 daAuts
